 Dungeon Crawl Stone Soup version 0.27-a0-346-ga689d4a613 (webtiles) character file.

Game seed: 13510505831344575677

13020 tilp the Transmogrifier (level 12, -13/79 HPs)
             Began as an Octopode Transmuter on Feb 15, 2021.
             Was a High Priest of Okawaru.
             Mangled by a skeletal warrior
             ... wielding a +0 scimitar
              (31 damage)
             ... on level 11 of the Dungeon.
             The game lasted 00:34:01 (16835 turns).

tilp the Transmogrifier (Octopode Transmuter)      Turns: 16835, Time: 00:34:01

Health: -13/79     AC:  1    Str: 13    XL:     12   Next: 1%
Magic:  15/21      EV: 25    Int: 25    God:    Okawaru [*****.]
Gold:   770        SH:  9    Dex: 17    Spells: 11/23 levels left

rFire    . . .     SeeInvis .     - Unarmed
rCold    . . .     Faith    .   D - +2 buckler of the Doldrums {Str+4 Dex+3}
rNeg     + . .     Spirit   .   (helmet restricted)
rPois    .         Reflect  .   (no amulet)
rElec    .         Harm     .   o - ring of positive energy
rCorr    +         Rampage  .   u - +4 ring of evasion
Will     .....                  n - ring of resist corrosion
Stlth    +++++.....             x - +6 ring of intelligence
HPRegen  0.23/turn              (no ring)
MPRegen  0.17/turn              (no ring)
                                (no ring)
                                (no ring)

@: about to teleport, heroism
A: almost no armour, stealthy swim, amphibious, 8 rings, constrict 8, camouflage
1, gelatinous body 1
a: Renounce Religion, Heroism, Finesse


You were on level 11 of the Dungeon.
You worshipped Okawaru.
Okawaru was extremely pleased with you.
You visited 1 branch of the dungeon, and saw 11 of its levels.

You collected 770 gold pieces.

Inventory:

Missiles
 b - 8 boomerangs
 d - 10 curare-tipped darts
 j - 14 poisoned darts (quivered)
 r - 2 throwing nets {!f}
 C - 5 javelins
Armour
 D - the +2 buckler of the Doldrums (worn) {Str+4 Dex+3}
   (Okawaru gifted it to you on level 11 of the Dungeon)

   It affects your strength (+4).
   It affects your dexterity (+3).
Jewellery
 l - an amulet of guardian spirit
 n - a ring of resist corrosion (on tentacle)
 o - a ring of positive energy (left tentacle)
 q - an amulet of regeneration
 u - a +4 ring of evasion (right tentacle)
 x - a +6 ring of intelligence (on tentacle)
Wands
 h - a wand of flame (18)
 v - a wand of random effects (16)
 y - a wand of digging (4)
Scrolls
 e - 4 scrolls of teleportation
 f - a scroll of fear
 g - a scroll of immolation
 i - 7 scrolls of amnesia
 w - 4 scrolls of identify
 A - a scroll of enchant weapon
Potions
 k - 3 potions of magic
 m - 4 potions of attraction
 p - a potion of flight
 s - 2 potions of might
 t - a potion of brilliance
Miscellaneous
 a - a box of beasts (inert)
 B - a condenser vane


   Skills:
 - Level 6.0(11.0) Fighting
 - Level 6.0(11.0) Dodging
 - Level 4.0(9.0) Stealth
 - Level 4.0(9.0) Shields
 - Level 8.0(13.0) Unarmed Combat
 - Level 6.0 Spellcasting
 + Level 9.3 Transmutations
 - Level 2.0 Ice Magic
 - Level 2.0 Poison Magic
 - Level 8.0 Invocations
 - Level 6.0 Evocations


You had 11 spell levels left.
You knew the following spells:

 Your Spells              Type           Power        Failure   Level
a - Beastly Appendage     Tmut           100%         1%          1
b - Wereblood             Tmut           52%          1%          2
c - Spider Form           Tmut/Pois      17%          2%          3
d - Ice Form              Ice/Tmut       35%          7%          4
e - Magic Dart            Conj           28%          8%          1
f - Apportation           Tloc           14%          8%          1

Your spell library contained the following spells:

 Spells                   Type           Power        Failure   Level
 Blade Hands              Tmut           26%          4%          5
 Searing Ray              Conj           14%          11%         2
 Alistair's Intoxication  Tmut/Pois      23%          21%         5
 Dazzling Flash           Conj/Hex       14%          22%         3
 Lesser Beckoning         Tloc           3%           22%         3
 Tukima's Dance           Hex            7%           22%         3
 Yara's Violent Unravell  Hex/Tmut       15%          30%         5
 Cause Fear               Hex            3%           58%         4
 Fulminant Prism          Conj/Hex       3%           58%         4
 Iskenderun's Mystic Bla  Conj/Tloc      7%           58%         4
 Silence                  Hex/Air        3%           90%         5
 Invisibility             Hex            7%           100%        6
 Discord                  Hex            3%           100%        8


Dungeon Overview and Level Annotations

Branches:
Dungeon (11/15)            Temple (0/1) D:5            Lair (0/6) D:11
    Orc: D:9-12

Altars:
Nemelex Xobeh
Okawaru
Sif Muna
Trog
Vehumet

Annotations:
D:10 exclusions: 2 molten gargoyles and 2 more exclusions, Harold


Innate Abilities, Weirdness & Mutations

You cannot wear most types of armour.
You are very stealthy in the water. (Stealth+)
You are amphibious.
You can wear up to eight rings at the same time.
You can use your tentacles to constrict eight enemies at once.
Your skin changes colour to match your surroundings (Stealth+).
Your rubbery body absorbs attacks. (AC +1, EV +1)


Message History

You constrict the skeletal warrior, but do no damage.
The skeletal warrior closely misses you.
You bludgeon the skeletal warrior!
The skeletal warrior is heavily damaged.
You constrict the skeletal warrior, but do no damage.
A skeletal warrior comes into view. It is wielding a +0 long sword.
The skeletal warrior closely misses you.
You tentacle-slap the skeletal warrior.
The skeletal warrior is heavily damaged.
You constrict the skeletal warrior, but do no damage.
You barely miss the skeletal warrior.
The skeletal warrior is heavily damaged.
You constrict the skeletal warrior.
The skeletal warrior hits you with a +0 scimitar!
* * * LOW HITPOINT WARNING * * *
You barely miss the skeletal warrior.
The skeletal warrior is heavily damaged.
You constrict the skeletal warrior.
The skeletal warrior hits you with a +0 scimitar!
* * * LOW HITPOINT WARNING * * *
You tentacle-slap the skeletal warrior but do no damage.
The skeletal warrior is heavily damaged.
You constrict the skeletal warrior, but do no damage.
Okay, then.
As you read the scroll of teleportation, it crumbles to dust.
You feel strangely unstable.
You constrict the skeletal warrior! The skeletal warrior misses you.
Unknown command.
You feel better.
You constrict the skeletal warrior, but do no damage.
The skeletal warrior hits you with a +0 scimitar!
* * * LOW HITPOINT WARNING * * *
Unknown command.
You completely miss the skeletal warrior.
You tentacle-slap the skeletal warrior, but do no damage.
The skeletal warrior is severely damaged.
Your tentacle spike disappears.
You constrict the skeletal warrior.
The skeletal warrior hits you with a +0 scimitar!!
You die...

###
#@#
#z#
#z#
#z#
#z#
#!#
#.#
#.#
#.#


You could see 4 skeletal warriors.

Vanquished Creatures
  A boulder beetle (D:11)
  4 two-headed ogres
  Nergalle (D:10)
  Sonja (D:11)
  An ugly thing (D:8)
  A manticore (D:11)
  3 centaur zombies
  A centaur skeleton (D:11)
  2 gargoyles (D:10)
  A hornet (D:8)
  Grinder (D:4)
  Eustachio (D:4)
  A basilisk (D:11)
  A water moccasin (D:10)
  3 orc warriors
  3 sky beasts
  An ice beast (D:9)
  7 ogres
  9 centaurs
  7 phantoms
  2 kobold brigands
  2 wyvern zombies (D:10)
  7 bullfrogs
  A gnoll sergeant (D:11)
  2 wyvern skeletons
  3 wights (D:9)
  3 killer bees (D:11)
  3 howler monkeys
  A bullfrog zombie (D:8)
  A quasit (D:8)
  2 jellies
  A gnoll shaman (D:4)
  4 orc priests
  2 bullfrog skeletons
  5 hounds
  2 iguanas
  11 worker ants
  Natasha (thrice) (D:4)
  6 orc wizards
  2 killer bee zombies
  A hound zombie (D:7)
  A howler monkey zombie (D:5)
  3 worker ant zombies
  10 gnolls
  13 adders
  A shadow imp (D:7)
  5 white imps
  2 ufetubi
  5 adder skeletons
  5 worms
  6 leopard geckos
  32 orcs
  6 bats
  5 giant cockroaches
  9 hobgoblins
  9 jackals
  5 quokkas
  A ball python (D:1)
  A ball python skeleton (D:4)
  7 frilled lizards
  8 goblins
  A jackal skeleton (D:4)
  10 kobolds
  7 rats
266 creatures vanquished.

Notes
Turn   | Place    | Note
-------+----------+-------------------------------------------
     0 | D:1      | tilp the Octopode Transmuter began the quest for the Orb.
     0 | D:1      | Reached XP level 1. HP: 13/13 MP: 3/3
    65 | D:1      | Reached skill level 1 in Stealth
   143 | D:1      | Reached skill level 1 in Shields
   143 | D:1      | Reached XP level 2. HP: 18/18 MP: 5/5
   559 | D:1      | Learned a level 2 spell: Wereblood
   590 | D:1      | Reached XP level 3. HP: 23/23 MP: 2/6
  1364 | D:2      | Reached XP level 4. HP: 28/28 MP: 7/7
  1661 | D:3      | Learned a level 3 spell: Spider Form
  1939 | D:3      | Noticed a sky beast
  2545 | D:3      | Reached XP level 5. HP: 12/33 MP: 4/8
  3396 | D:4      | Found a shimmering blue altar of Sif Muna.
  3396 | D:4      | Noticed a phantom
  3403 | D:4      | Noticed Grinder
  3609 | D:4      | Noticed a kobold brigand
  3764 | D:4      | Reached XP level 6. HP: 26/39 MP: 6/9
  4294 | D:4      | Found an iron altar of Okawaru.
  4298 | D:4      | Became a worshipper of Warmaster Okawaru
  4641 | D:4      | Reached XP level 7. HP: 46/46 MP: 8/10
  4680 | D:4      | Noticed Eustachio
  4848 | D:5      | Entered Level 5 of the Dungeon
  5176 | D:5      | Reached * piety under Okawaru
  5177 | D:5      | Reached skill level 5 in Unarmed Combat
  5953 | D:4      | Noticed Natasha
  6257 | D:3      | Reached skill level 1 in Invocations
  6257 | D:3      | Reached skill level 1 in Evocations
  6947 | D:5      | Reached XP level 8. HP: 50/54 MP: 9/11
  7131 | D:5      | Found a staircase to the Ecumenical Temple.
  8039 | D:6      | Reached skill level 1 in Poison Magic
  8282 | D:6      | Reached ** piety under Okawaru
  8401 | D:6      | Found a bloodstained altar of Trog.
  8401 | D:6      | Found a radiant altar of Vehumet.
  8787 | D:7      | Reached skill level 3 in Transmutations
  8889 | D:7      | Reached XP level 9. HP: 49/58 MP: 10/14
  9015 | D:7      | Reached skill level 4 in Transmutations
  9249 | D:7      | Reached skill level 5 in Transmutations
  9561 | D:7      | Found an iron altar of Okawaru.
  9927 | D:8      | Reached skill level 6 in Transmutations
  9931 | D:8      | Noticed a green ugly thing
  9938 | D:8      | Noticed a two-headed ogre
  9942 | D:8      | Killed a green ugly thing
  9951 | D:8      | Killed a two-headed ogre
  9951 | D:8      | Reached *** piety under Okawaru
  9952 | D:8      | Reached skill level 5 in Fighting
  9952 | D:8      | Reached XP level 10. HP: 26/67 MP: 4/16
 10692 | D:8      | Reached skill level 5 in Dodging
 11361 | D:9      | Noticed a two-headed ogre
 11391 | D:9      | Killed a two-headed ogre
 11391 | D:9      | Reached **** piety under Okawaru
 11392 | D:9      | Reached skill level 7 in Transmutations
 11888 | D:9      | Learned a level 1 spell: Apportation
 11890 | D:9      | Learned a level 1 spell: Magic Dart
 12241 | D:9      | Found a sparkling altar of Nemelex Xobeh.
 12426 | D:10     | Entered Level 10 of the Dungeon
 12435 | D:10     | Noticed a gargoyle
 12457 | D:10     | Killed a gargoyle
 12458 | D:10     | Reached skill level 8 in Transmutations
 12716 | D:10     | Noticed Nergalle
 12720 | D:10     | Noticed a gargoyle
 12731 | D:10     | Killed Nergalle
 12732 | D:10     | Reached skill level 5 in Invocations
 12732 | D:10     | Reached XP level 11. HP: 53/72 MP: 9/17
 12863 | D:10     | Reached skill level 5 in Evocations
 13086 | D:10     | Noticed Harold
 13177 | D:10     | Reached ***** piety under Okawaru
 13900 | D:4      | Paralysed by Grinder for 3 turns
 13912 | D:4      | Killed Grinder
 13990 | D:4      | Killed Eustachio
 14009 | D:4      | Killed Natasha
 14227 | D:4      | Noticed Natasha
 14232 | D:4      | Killed Natasha
 14392 | D:4      | Noticed Natasha
 14397 | D:4      | Killed Natasha
 14545 | D:11     | Found a staircase to the Lair.
 14545 | D:11     | Noticed Sonja
 14545 | D:11     | Noticed a two-headed ogre
 14600 | D:11     | Noticed a two-headed ogre
 14623 | D:10     | Killed a two-headed ogre
 14810 | D:10     | Learned a level 4 spell: Ice Form
 15511 | D:11     | Reached skill level 1 in Ice Magic
 15601 | D:11     | Noticed a manticore
 15703 | D:11     | Killed Sonja
 15891 | D:11     | Killed a manticore
 16045 | D:11     | Reached skill level 5 in Spellcasting
 16083 | D:11     | Noticed a two-headed ogre
 16095 | D:11     | Killed a two-headed ogre
 16095 | D:11     | Received a gift from Okawaru
 16101 | D:11     | Noticed a boulder beetle
 16132 | D:11     | Killed a boulder beetle
 16133 | D:11     | Reached skill level 9 in Transmutations
 16133 | D:11     | Got a pitted buckler {god gift}
 16134 | D:11     | Identified the +2 buckler of the Doldrums {Str+4 Dex+3}
                  | (Okawaru gifted it to you on level 11 of the Dungeon)
 16264 | D:11     | Reached XP level 12. HP: 48/79 MP: 7/21
 16835 | D:11     | Mangled by a skeletal warrior

Illustrated notes

Levels and vault maps discovered:
D:1:      eino_arrival_cavern_a, layout_rooms
D:2:      layout_rooms
D:3:      layout_loops_corners
D:4:      layout_loops_ring, kennysheep_mini, marbit_many_paths, uniq_grinder,
          uniq_eustachio, uniq_natasha
D:5:      layout_cave_pools, minmay_temple_entry_antechambers,
          serial_column_ruins, column_ruins_open_medium,
          column_ruins_open_tiny_water, column_ruins_grid_1,
          column_ruins_corridor_straight, column_ruins_columns_straight
D:6:      layout_gridville, gammafunk_temple_overflow_wave, serial_glass,
          glass_columns_c, glass_columns_c, glass_columns_a, glass_columns_a,
          cheibrodos_sewer_entry_bend
D:7:      layout_basic, okawaru_altar_gauntlet_db
D:8:      layout_gridville, serial_rivers, chequers_serial_rivers_micro_b,
          chequers_serial_rivers_micro_d, chequers_serial_rivers_micro_c,
          chequers_serial_rivers_micro_b, chequers_serial_rivers_micro_b,
          chequers_serial_rivers_large_a, item_on_display_a
D:9:      layout_loops_ring, nemelex_diamond_rough_becter
D:10:     layout_loops_ring, minivault_8, uniq_harold, uniq_nergalle
D:11:     layout_long_grid, lair_entry_dummy, orc_0_dummy, uniq_sonja

Skill      XL: |  1  2  3  4  5  6  7  8  9 10 11 |
---------------+----------------------------------+-----
Stealth        | 1 2 3 4 |  4.0
Shields        | 1 2 3 4 |  4.0
Fighting       | 3 4 5 6 |  6.0
Unarmed Combat | 4 6 7 8 |  8.0
Invocations    | 1 4 5 8 |  8.0
Evocations     | 1 4 6 |  6.0
Poison Magic   | 2 |  2.0
Transmutations | 3 6 8 9 |  9.3
Spellcasting   | 3 4 6 |  6.0
Dodging        | 4 6 |  6.0
Ice Magic      | 2 |  2.0

Action                   |  1- 3 |  4- 6 |  7- 9 | 10-12 || total
-------------------------+-------+-------+-------+-------++-------
Melee: Unarmed           |    77 |   144 |   314 |   417 ||   952
       Constrict         |    23 |    31 |    56 |    48 ||   158
       Kick              |    12 |    31 |    79 |    69 ||   191
       Tentacles         |    11 |    24 |    54 |    73 ||   162
       Punch             |     1 |     9 |     9 |    24 ||    43
Throw: Dart              |     7 |    12 |    25 |    34 ||    78
       Stone             |     2 |       |       |       ||     2
       Boomerang         |       |     5 |     6 |     3 ||    14
 Cast: Beastly Appendage |     9 |    20 |    45 |    29 ||   103
       Wereblood         |     2 |     6 |    12 |    16 ||    36
       Spider Form       |       |       |       |    13 ||    13
Invok: Heroism           |       |       |     8 |    17 ||    25
 Abil: End Transformatio |       |       |       |     4 ||     4
Evoke: Wand              |       |       |       |     2 ||     2
       Box of beasts     |       |       |       |     1 ||     1
  Use: Scroll            |     3 |     4 |    10 |     4 ||    21
       Potion            |       |     4 |     1 |     2 ||     7
 Stab: Sleeping          |     4 |     9 |     7 |     4 ||    24
Armor: Skin              |     9 |     7 |     9 |    12 ||    37
Dodge: Dodged            |    51 |    58 |   157 |   446 ||   712
Block: Buckler           |     2 |    15 |    70 |    72 ||   159

Table legend: (Time is in decaauts)
 A = Elapsed time spent in this place.
 B = Non-inter-level travel time spent in this place.
 C = Inter-level travel time spent in this place.
 D = Time resting spent in this place.
 E = Time spent auto-exploring this place.
 F = Levels seen in this place.
 G = Mean time per level.
                   A        B        C        D        E       F      G
               +--------+--------+--------+--------+--------+-----+--------+
         Total |  16733 |  15379 |   1354 |   5479 |   6927 |  11 | 1521.2 |
       Dungeon |  16733 |  15379 |   1354 |   5479 |   6927 |  11 | 1521.2 |
               +--------+--------+--------+--------+--------+-----+--------+

Top non-repeatable levels by time:
     D:4: 2801 daAuts
    D:10: 2216 daAuts
     D:3: 2125 daAuts
     D:5: 1566 daAuts
     D:9: 1526 daAuts
     D:8: 1363 daAuts
     D:6: 1362 daAuts
    D:11: 1171 daAuts
     D:1: 963 daAuts
     D:7: 941 daAuts
     D:2: 696 daAuts
